 Dungeon Crawl Stone Soup version 0.31-a0-986-g5e6e4ef867 (webtiles) character file.

Game seed: 14487579886264426134

2500 Persephone the Severer (level 9, -6/70 HPs)
             Began as a Minotaur Monk on Nov 16, 2023.
             Was a Believer of Okawaru.
             Mangled by a gnoll
             ... wielding a +0 halberd
              (11 damage)
             ... in a bailey.
             The game lasted 00:09:20 (6642 turns).

Persephone the Severer (Minotaur Monk)              Turns: 6642, Time: 00:09:21

Health: -6/70      AC:  8    Str: 20    XL:     9   Next: 28%
Magic:  7/8        EV:  5    Int:  7    God:    Okawaru [**....]
Gold:   501        SH:  0    Dex: 13    Spells: 8/8 levels left

rFire   . . .        a - +0 hand axe (elec)
rCold   . . .        d - orb {light}
rNeg    + . .        m - +2 scale mail {rN+}
rPois   .            (helmet restricted)
rElec   .            (no cloak)
rCorr   .            (no gloves)
SInv    .            (no boots)
Will    .....        (no amulet) Stlth
                     (no ring)
HPRegen 0.31/turn    (no ring)
MPRegen 0.11/turn

%: no passive effects
@: mighty, about to teleport, weakened, held, glowing
A: horns 2, retaliatory headbutt
a: Renounce Religion, Heroism


You were in a bailey.
You worshipped Okawaru.
Okawaru was pleased with you.
You visited 2 branches of the dungeon, and saw 8 of its levels.
You also visited: Bailey.

You collected 501 gold pieces.

Inventory:

Hand Weapons
 a - a +0 hand axe of electrocution (weapon)
 b - a +1 war axe
Missiles
 e - 8 javelins
 i - 6 throwing nets
Armour
 d - an orb of light (worn)
 m - a +2 scale mail of positive energy (worn)
Jewellery
 w - a +6 ring of intelligence
Scrolls
 g - a scroll of identify
 k - a scroll of vulnerability
 p - a scroll of fog
Potions
 h - a potion of enlightenment
 l - a potion of might
 n - 2 potions of attraction
 o - 2 potions of brilliance
 q - 2 potions of lignification
 s - a potion of cancellation


   Skills:
 - Level 3.6 Fighting
 + Level 15.1 Axes
 - Level 3.2 Dodging


You had 8 spell levels left.
You didn't know any spells.
Your spell library contained the following spells:

 Spells                   Type           Power      Damage    Failure   Level
 Sting                    Tmut/Pois      0%         1d3       80%         1
 Blink                    Tloc           0%         N/A       91%         2
 Lesser Beckoning         Tloc           0%         N/A       91%         2
 Momentum Strike          Conj/Tloc      0%         3d8       91%         2
 Poisonous Vapours        Pois/Air       0%         N/A       91%         2
 Gell's Gravitas          Tloc           0%         N/A       99%         3
 Mephitic Cloud           Conj/Pois/Air  0%         N/A       99%         3
 Teleport Other           Tloc           0%         N/A       99%         3
 Olgreb's Toxic Radiance  Pois           0%         N/A       100%        4
 Freezing Cloud           Conj/Ice/Air   0%         6-21      100%        5
 Dispersal                Tloc           0%         N/A       100%        6


Dungeon Overview and Level Annotations

Branches:
Dungeon (7/15)             Temple (1/1) D:6          Bailey (1/1)

Altars:
Dithmenos
Elyvilon
Fedhas
Gozag
Hepliaklqana
Kikubaaqudgha
Nemelex Xobeh
Okawaru
Qazlal
Ru
Sif Muna
Trog
Uskayaw
Vehumet
Wu Jian
Xom
Yredelemnul


Innate Abilities, Weirdness & Mutations

You have a pair of horns on your head.
You reflexively headbutt those who attack you in melee.


Message History

You hit the gnoll.
You feel like a meek peon again. The gnoll closely misses you.
The gnoll sergeant barely misses you. The gnoll hits you but does no damage.
The gnoll barely misses you.
The gnoll hits you from afar with a +0 halberd.
You hit the gnoll sergeant. You headbutt the gnoll sergeant.
The gnoll sergeant is almost dead.
You hit the gnoll bouda. You hit the gnoll.
Lightning courses through the gnoll!!
You kill the gnoll!
Okawaru accepts your kill.
The gnoll bouda gazes fiercely through you!
You feel as though you will be weak longer.
The gnoll bouda hits you with a +0 halberd!
The gnoll hits you from afar with a +0 halberd.
* * * LOW HITPOINT WARNING * * *
The gnoll sergeant closely misses you.
You hit the gnoll sergeant but do no damage.
The gnoll sergeant is almost dead.
You hit the gnoll bouda but do no damage.
The gnoll hits you but does no damage.
The gnoll hits you from afar with a +0 halberd.
* * * LOW HITPOINT WARNING * * *
You feel mightier all of a sudden.
The gnoll sergeant hits you with a +0 halberd!
* * * LOW HITPOINT WARNING * * *
The gnoll completely misses you. The gnoll barely misses you. x2
The gnoll bouda prays to its god.
The gnoll bouda is healed somewhat.
You hit the gnoll sergeant but do no damage.
You headbutt the gnoll sergeant.
You kill the gnoll sergeant!
Okawaru accepts your kill.
You hit the gnoll bouda. The gnoll closely misses you.
As you read the scroll of teleportation, it crumbles to dust.
You feel strangely unstable.
The gnoll is no longer moving quickly.
The gnoll barely misses you.
The gnoll throws a throwing net.
The throwing net hits you.
You become entangled in the net!
The gnoll hits you from afar with a +0 halberd!
You die...

♣.....).†.......
♣≈≈≈≈≈≈≈.).≈≈≈≈≈≈
♣≈≈...............
♣≈................
♣≈.######'''######
♣≈ #..(# ♣ #...#
#..)# ##@## #.g)#
#.ggg.# #.......#
#..$8$..#
#.......#
##.....## ##...##


You could see a gnoll bouda and 3 gnolls.

Vanquished Creatures
  Maggie (D:6)
  3 yaks (D:6)
  An orc warrior (D:7)
  2 ice beasts
  A black bear (D:4)
  A phantom (D:5)
  2 bullfrogs
  A gnoll sergeant (Bailey)
  2 scorpions (D:5)
  2 howler monkeys (D:6)
  An orc priest (D:5)
  4 hounds
  A jelly (D:6)
  4 gnoll boudas
  5 iguanas
  2 orc wizards (D:6)
  Robin (D:2)
  18 gnolls
  15 adders
  A shadow imp (D:5)
  A white imp (D:7)
  4 ufetubi
  2 worms
  3 dart slugs
  7 orcs
  7 ball pythons
  10 endoplasms
  4 giant cockroaches
  13 goblins
  9 hobgoblins
  4 jackals (D:5)
  8 quokkas
  7 bats
  3 frilled lizards
  11 kobolds
  6 rats
167 creatures vanquished.

Notes
Turn   | Place    | Note
-------+----------+-------------------------------------------
     0 | D:1      | Persephone the Minotaur Monk began the quest for the Orb.
     0 | D:1      | Reached XP level 1. HP: 19/19 MP: 0/0
   174 | D:1      | Reached skill level 4 in Axes
   199 | D:1      | Reached XP level 2. HP: 19/26 MP: 1/1
   396 | D:1      | Reached skill level 5 in Axes
   513 | D:1      | Reached XP level 3. HP: 31/31 MP: 2/2
   791 | D:2      | Noticed Robin
   804 | D:2      | Killed Robin
   805 | D:2      | Reached skill level 6 in Axes
   805 | D:2      | Reached XP level 4. HP: 39/39 MP: 3/3
  1652 | D:3      | Reached skill level 7 in Axes
  1652 | D:3      | Reached XP level 5. HP: 42/45 MP: 4/4
  2217 | D:3      | Found a white marble altar of Elyvilon.
  2535 | D:4      | Found Cuomag's Magic Scroll Boutique.
  2688 | D:4      | Noticed a black bear
  2696 | D:4      | Killed a black bear
  2697 | D:4      | Reached skill level 8 in Axes
  2697 | D:4      | Reached XP level 6. HP: 47/51 MP: 5/5
  3329 | D:5      | Entered Level 5 of the Dungeon
  3427 | D:5      | Reached skill level 9 in Axes
  3867 | D:5      | Reached XP level 7. HP: 57/57 MP: 6/6
  3894 | D:5      | Reached skill level 10 in Axes
  4484 | D:5      | Reached skill level 11 in Axes
  5269 | D:6      | Reached XP level 8. HP: 34/64 MP: 7/7
  5370 | D:6      | Noticed Maggie
  5379 | D:6      | Killed Maggie
  5380 | D:6      | Reached skill level 12 in Axes
  5514 | D:6      | Reached skill level 13 in Axes
  5531 | D:6      | Found a staircase to the Ecumenical Temple.
  5575 | Temple   | Entered the Ecumenical Temple
  5741 | Temple   | Became a worshipper of Warmaster Okawaru
  5741 | Temple   | Reached * piety under Okawaru
  5741 | Temple   | Reached ** piety under Okawaru
  5775 | D:6      | Reached skill level 14 in Axes
  5936 | D:6      | Reached XP level 9. HP: 70/70 MP: 8/8
  6476 | D:7      | Found a flagged portal.
  6490 | Bailey   | Entered a bailey
  6501 | Bailey   | Reached skill level 15 in Axes
  6642 | Bailey   | Mangled by a gnoll

Illustrated notes

Levels and vault maps discovered:
D:1:      onia_arrival_pentagram, layout_basic, minmay_split_cup_small
D:2:      minmay_razor_zed, layout_loops_cross, minmay_misc_feat_cross,
          minmay_tetromino_t2, uniq_robin
D:3:      layout_loops_ring, old_standard_altar
D:4:      layout_loops_corners, serial_shops,
          nicolae_shop_temple_entry_statues_fountains, mrwooster_statue_mirror,
          kennysheep_flooded_box
D:5:      kennysheep_spiral_hall, layout_basic, nicolae_grassy_gnolls
D:6:      layout_loops_ring, minmay_temple_entry_slanted, uniq_maggie
D:7:      layout_loops_ring, minitemple, mainiacjoe_overflow_six_doors_small,
          enter_bailey_2
Temple:   nicolae_temple_bog_church
Bailey:   bailey_polearm_gnolls_kennysheep, bailey

Skill      XL: |  1  2  3  4  5  6  7  8  9 |
---------------+----------------------------+-----
Axes           | 4 5 6 7 8 9 11 14 15 | 15.1
Fighting       | |  3.6
Dodging        | |  3.2

Action                     |  1- 3 |  4- 6 |  7- 9 || total
---------------------------+-------+-------+-------++-------
  Melee: Hand axe          |    64 |   151 |   188 ||   403
         Headbutt          |    14 |    31 |    55 ||   100
 Invoke: Heroism           |       |       |     2 ||     2
    Use: Scroll            |       |    15 |     6 ||    21
         Potion            |       |     1 |     4 ||     5
 Armour: Chain mail        |    48 |   113 |    72 ||   233
         Robe              |     3 |       |       ||     3
         Scale mail        |       |       |    97 ||    97
  Dodge: Dodged            |    33 |    61 |    80 ||   174

Table legend: (Time is in decaauts)
 A = Elapsed time spent in this place.
 B = Non-inter-level travel time spent in this place.
 C = Inter-level travel time spent in this place.
 D = Time resting spent in this place.
 E = Time spent auto-exploring this place.
 F = Levels seen in this place.
 G = Mean time per level.
                   A        B        C        D        E       F      G
               +--------+--------+--------+--------+--------+-----+--------+
         Total |   6574 |   6408 |    166 |      0 |   5460 |   9 |  730.4 |
       Dungeon |   6238 |   6106 |    132 |      0 |   5199 |   7 |  891.1 |
        Temple |    190 |    156 |     34 |      0 |    152 |   1 |  190.0 |
        Bailey |    145 |    145 |      0 |      0 |    109 |   1 |  145.0 |
               +--------+--------+--------+--------+--------+-----+--------+

Top non-repeatable levels by time:
     D:5: 1906 daAuts
     D:4: 987 daAuts
     D:6: 970 daAuts
     D:2: 948 daAuts
     D:3: 729 daAuts
     D:1: 662 daAuts
  Temple: 190 daAuts
  Bailey: 145 daAuts
     D:7: 33 daAuts
